 Dungeon Crawl Stone Soup version 0.23.2-30-g0e89c35649 (webtiles) character file.

Game seed: 9983181570925443941

70 Kobolds4U the Slasher (level 4, -4/39 HPs)
             Began as a Minotaur Fighter on June 7, 2019.
             Slain by a gnoll
             ... wielding a +0 halberd
              (5 damage)
             ... on level 3 of the Dungeon.
             The game lasted 00:01:53 (1669 turns).

Kobolds4U the Slasher (Minotaur Fighter)            Turns: 1669, Time: 00:01:54

Health: -4/39      AC:  6    Str: 20    XL:     4   Next: 3%
Magic:  3/3        EV:  4    Int:  5    God:
Gold:   161        SH:  0    Dex: 11    Spells: 3/3 levels left

rFire    . . .     SeeInvis .   a - +0 long sword
rCold    . . .     Gourm    .   c - +0 shield
rNeg     . . .     Faith    .   b - +0 scale mail
rPois    .         Spirit   .   (helmet restricted)
rElec    .         Reflect  .   (no cloak)
rCorr    .         Harm     .   (no gloves)
MR       .....                  (no boots)
Stlth    +.........             (no amulet)
HPRegen  0.13/turn              j - ring of stealth
MPRegen  0.08/turn              (no ring)

@: held
A: retaliatory headbutt, horns 2
a: no special abilities


You were on level 3 of the Dungeon.
You were not hungry.

You visited 1 branch of the dungeon, and saw 3 of its levels.

You collected 161 gold pieces.

Inventory:

Hand Weapons
 a - a +0 long sword (weapon)
Missiles
 m - 6 tomahawks (quivered)
 p - a throwing net
Armour
 b - a +0 scale mail (worn)
 c - a +0 shield (worn)
Jewellery
 j - a ring of stealth (left hand)
Wands
 q - a wand of clouds (7)
Scrolls
 h - a scroll of magic mapping {unknown}
 i - a scroll of noise {unknown}
 l - 4 scrolls of identify {unknown}
 n - a scroll of remove curse {unknown}
Potions
 d - 3 potions of might
 e - a potion of ambrosia {unknown}
 g - a potion of curing {unknown}
 k - a potion of agility {unknown}
Comestibles
 f - 3 rations
 o - 2 chunks of flesh


   Skills:
 - Level 3.6 Fighting
 + Level 5.3 Long Blades
 - Level 3.6 Armour
 - Level 3.6 Shields


You had 3 spell levels left.
You didn't know any spells.
Your spell library was empty.

Dungeon Overview and Level Annotations

Branches:
Dungeon (3/15)

Altars:
Elyvilon
Ru


Innate Abilities, Weirdness & Mutations

You reflexively headbutt those who attack you in melee.
You have a pair of horns on your head.


Message History

You are too injured to fight recklessly!
The bat hits you but does no damage.
The quokka bites you but does no damage.
The gnoll throws a throwing net.
The throwing net hits you.
You become entangled in the net!
You see here a throwing net.
You struggle against the net.
The bat barely misses you.
The quokka bites you but does no damage.
The gnoll hits you from afar with a +0 halberd.
* * * LOW HITPOINT WARNING * * *
You struggle against the net.
The quokka bites you.
* * * LOW HITPOINT WARNING * * *
The bat hits you but does no damage. The gnoll hits you with a +0 flail.
* * * LOW HITPOINT WARNING * * *
The quokka bites you but does no damage.
The bat closely misses you.
Unknown command.
You struggle against the net.
The bat hits you but does no damage.
The gnoll hits you from afar with a +0 halberd.
You die...

..........###
....##...##......).>.#
.....#.#.##..........#
.....................#
.....................#
.............(.......#
......$............>.###
.......rb..............#
......gg@..............#
.......................#
.......................#
.............###########
.....^######## .....#
....# ####


You could see 2 gnolls, a quokka and a bat.

Vanquished Creatures
  A gnoll (D:3)
  2 adders
  An ooze (D:2)
  A worm (D:2)
  A leopard gecko (D:1)
  2 giant cockroaches
  6 goblins
  5 hobgoblins
  2 jackals (D:2)
  3 bats
  A frilled lizard (D:1)
  3 kobolds
  3 rats (D:2)
31 creatures vanquished.

Notes
Turn   | Place    | Note
-------+----------+-------------------------------------------
     0 | D:1      | Kobolds4U the Minotaur Fighter began the quest for the Orb.
     0 | D:1      | Reached XP level 1. HP: 19/19 MP: 0/0
     6 | D:1      | Noticed a basilisk
     6 | D:1      | Noticed a worker ant
     7 | D:1      | Noticed a fire giant
    60 | D:1      | Reached skill level 3 in Long Blades
   238 | D:1      | Reached XP level 2. HP: 14/26 MP: 1/1
  1011 | D:2      | Found a sacrificial altar of Ru.
  1058 | D:2      | Reached skill level 4 in Long Blades
  1198 | D:2      | Reached XP level 3. HP: 31/31 MP: 2/2
  1469 | D:2      | Found a white marble altar of Elyvilon.
  1594 | D:3      | Reached skill level 5 in Long Blades
  1665 | D:3      | Reached XP level 4. HP: 25/39 MP: 3/3
  1668 | D:3      | HP: 1/39 [gnoll/+0 flail (6)]
  1669 | D:3      | Slain by a gnoll

Skill      XL: |  1  2  3 |
---------------+----------+-----
Long Blades    | 3 4 5 |  5.3
Fighting       | |  3.6
Armour         | |  3.6
Shields        | |  3.6

Action                   |  1- 3 |  4- 6 || total
-------------------------+-------+-------++-------
Melee: Long sword        |    78 |       ||    78
       Headbutt          |     9 |       ||     9
  Eat: Chunk             |     2 |       ||     2
Armor: Scale mail        |    31 |     6 ||    37
Dodge: Dodged            |    22 |     3 ||    25
Block: Shield            |    40 |     1 ||    41
       Rpst.: Long sword |     5 |       ||     5
